 Dungeon Crawl Stone Soup version 0.16-a0-2296-gdce89d5 (webtiles) character file.

200 PolkaDot the Caller (level 5, 0/35 HPs)
             Began as a Vampire Summoner on Nov 16, 2014.
             Slain by flegu's ghost (14 damage)
             ... on level 4 of the Dungeon.
             The game lasted 00:10:02 (3887 turns).

PolkaDot the Caller (Vampire Summoner)              Turns: 3887, Time: 00:10:08

Health: 0/35       AC:  4    Str:  5    XL:     5   Next: 48%
Magic:  1/9        EV: 12    Int: 18    God:
Gold:   157        SH:  0    Dex: 16    Spells: 3 memorised, 2 levels left

rFire  . . .     SeeInvis +     v - +0 quarterstaff
rCold  . . .     Clarity  .     t - +0 leather armour
rNeg   + . .     SustAb   .     (no shield)
rPois  .         Gourm    .     (no helmet)
rElec  .         Spirit   .     (no cloak)
rCorr  .         Warding  +     (no gloves)
rMut   .         Stasis   .     e - +0 pair of boots
MR     .....                    l - amulet of warding
Stlth  +.........               (no ring)
                                f - ring of loudness

@: regenerating quickly, not resistant to hostile enchantments, very unstealthy
A: bottle blood, fangs 3, repulsion field 1, see invisible, agile 1, weak 1,
unbreathing
a: no special abilities


You were on level 4 of the Dungeon.
You were very full.

You visited 1 branch of the dungeon, and saw 4 of its levels.

You collected 157 gold pieces.

Inventory:

Hand weapons
 v - a +0 quarterstaff (weapon)
Armour
 a - a +0 robe
 e - a +0 pair of boots (worn)
 t - a +0 leather armour (worn)
Jewellery
 f - a ring of loudness (left hand)
 l - an amulet of warding (around neck)
Magical devices
 q - a wand of enslavement (8)
Scrolls
 c - a scroll of immolation {unknown}
 m - a scroll of teleportation {unknown}
 n - a scroll of blinking {unknown}
 p - a scroll of amnesia {unknown}
 s - a scroll of noise {unknown}
Potions
 g - a potion of cure mutation {!q}
 j - a potion of resistance
 u - a potion of magic {unknown}
Books
 b - a book of Callings

   Spells                             Type                      Level
   *Summon Small Mammal               Summoning                    1
   *Call Imp                          Summoning                    2
   *Call Canine Familiar              Summoning                    3
   Summon Guardian Golem              Hexes/Summoning              4
   Summon Lightning Spire             Summoning/Air                4
   Summon Ice Beast                   Ice/Summoning                4


   Skills:
 + Level 1.0 Staves
 - Level 0.7 Armour
 - Level 2.1 Dodging
 - Level 3.0 Stealth
 - Level 2.0 Spellcasting
 + Level 6.5 Summonings


You had 2 spell levels left.
You knew the following spells:

 Your Spells              Type           Power        Failure   Level  Hunger
a - Summon Small Mammal   Summ           ####         1%          1    #......
d - Call Canine Familiar  Summ           ####....     3%          3    ###....
s - Call Imp              Summ           ####....     1%          2    ###....


Dungeon Overview and Level Annotations

Branches:
Dungeon (4/15)
 Temple: D:4-7

Altars:
Gozag
Nemelex Xobeh
Ru

Annotations:
D:4 flegu's ghost, experienced OgBe


Innate Abilities, Weirdness & Mutations

Your natural rate of healing is unusually fast.
You can bottle blood from corpses.
You have razor-sharp teeth.
You have supernaturally acute eyesight.
You can survive without breathing.
You are surrounded by a mild repulsion field (EV +2).
You are agile. (Dex +2)
You are weak. (Str -2)


Message History

A beastly little devil appears in a puff of flame.
Your wolf closely misses flegu's ghost.
Flegu's ghost hits you!
* * * LOW HITPOINT WARNING * * *
Casting: Call Imp
Confirm with . or Enter, or press ? or * to list all spells.
You don't have enough magic to cast that spell.
Drink which item? (? for menu, Esc to quit)
You feel yourself speed up.
Your wolf barely misses flegu's ghost.
Your wolf bites flegu's ghost!
Flegu's ghost hits you.
* * * LOW HITPOINT WARNING * * *
Your crimson imp hits flegu's ghost.
You are very lightly contaminated with residual magic.
Drink which item? (? for menu, Esc to quit)
Your magical effects are unravelling.
Your magical contamination has completely faded away.
You feel magically purged.
It was a potion of cancellation.
Your resistance to elements expires.
You feel yourself slow down.
You feel a little less clever now.
Your wolf barely misses flegu's ghost.
Flegu's ghost hits you!
You die...

. #.# .. ...
#..##.# #....#.##
.........##
..........
........5#####..#
#.....W@.......#
##..##h###.....#
##..#.....#.
#.>...#....
##....).....
#)<.$.......
.........).####..
......#...... .
......#...#..#


You could see flegu's ghost, a friendly wolf and a friendly crimson imp.

Vanquished Creatures
  An orc priest (D:3)
  Natasha (twice) (D:3)
  3 adders (D:3)
  A giant mite (D:3)
  3 giant geckos
  An orc (D:3)
  6 bats
  2 giant cockroaches
  5 goblins
  7 hobgoblins
  11 kobolds
  3 ball pythons
  A giant newt (D:1)
  2 jackals (D:2)
  6 rats
54 creatures vanquished.

Vanquished Creatures (collateral kills)
  A worker ant (D:3)
  Natasha (D:3)
  4 adders (D:3)
  A white imp (D:3)
  3 worms
  A giant gecko (D:3)
  3 orcs (D:3)
  A bat (D:3)
  2 goblins (D:3)
  2 kobolds
  A giant newt (D:2)
20 creatures vanquished.

Vanquished Creatures (others)
  A giant newt (D:3)
1 creature vanquished.

Grand Total: 75 creatures vanquished

Notes
Turn   | Place    | Note
--------------------------------------------------------------
     0 | D:1      | PolkaDot, the Vampire Summoner, began the quest for the Orb.
     0 | D:1      | Reached XP level 1. HP: 13/13 MP: 3/3
   399 | D:1      | Reached XP level 2. HP: 13/19 MP: 4/4
   852 | D:1      | Learned a level 2 spell: Call Imp
  1860 | D:2      | Reached skill level 5 in Summonings
  1889 | D:2      | Reached XP level 3. HP: 21/24 MP: 6/6
  1897 | D:2      | Learned a level 3 spell: Call Canine Familiar
  2476 | D:3      | Found a sacrificial altar of Ru.
  2635 | D:3      | Found a sparkling altar of Nemelex Xobeh.
  2702 | D:3      | Reached XP level 4. HP: 26/30 MP: 3/7
  3036 | D:3      | Noticed Natasha
  3043 | D:3      | Reached skill level 6 in Summonings
  3048 | D:3      | Killed Natasha
  3159 | D:3      | Noticed Natasha
  3180 | D:3      | Killed Natasha
  3304 | D:3      | Reached XP level 5. HP: 22/35 MP: 9/9
  3397 | D:3      | Found an opulent altar of Gozag.
  3480 | D:3      | Noticed Natasha
  3487 | D:3      | Killed Natasha
  3787 | D:4      | Noticed flegu's ghost (experienced OgBe)
  3857 | D:3      | Reached skill level 1 in Staves
  3875 | D:4      | Gained mutation: You are agile. (Dex +2) [potion of mutation]
  3875 | D:4      | Gained mutation: You are surrounded by a mild repulsion field (EV +2). [potion of mutation]
  3875 | D:4      | Gained mutation: You are weak. (Str -2) [potion of mutation]
  3887 | D:4      | Slain by flegu's ghost

Action                   |  1- 3 |  4- 6 || total
-------------------------+-------+-------++-------
Melee: Whip              |    19 |       ||    19
       Dagger            |    86 |       ||    86
       Unarmed           |     3 |       ||     3
       Short sword       |    53 |       ||    53
       Rapier            |    41 |    32 ||    73
       Quarterstaff      |       |    71 ||    71
 Cast: Summon Small Mamm |     4 |       ||     4
       Call Imp          |     4 |     6 ||    10
       Call Canine Famil |     3 |     7 ||    10
  Use: Potion            |     1 |     8 ||     9
       Scroll            |     2 |     3 ||     5
 Stab: Sleeping          |     2 |       ||     2
       Distracted        |     1 |     1 ||     2
       Confused          |       |     2 ||     2
  Eat: Corpse            |    15 |    13 ||    28
